 Dungeon Crawl Stone Soup version 0.23.2-1-ga50397a6bc (webtiles) character file.

Game seed: 14060056783903321581

82008 Kobolds4U the Fencer (level 15, -3/129 HPs)
             Began as a Demonspawn Berserker on Apr 23, 2019.
             Was an Initiate of Ru.
             Slain by a tyrant leech (8 damage)
             ... on level 6 of the Lair of Beasts.
             The game lasted 01:16:52 (26172 turns).

Kobolds4U the Fencer (Demonspawn Berserker)        Turns: 26172, Time: 01:16:53

Health: -3/129     AC: 50    Str: 19    XL:     15   Next: 28%
Magic:  20/20      EV: 11    Int: 10    God:    Ru [......]
Gold:   1112       SH:  2    Dex: 14    Spells: 14/14 levels left

rFire    + . .     SeeInvis .   Q - +9 great sword (protect)
rCold    + . .     Gourm    .   (shield currently unavailable)
rNeg     . . .     Faith    .   a - +6 plate armour
rPois    .         Spirit   .   (helmet restricted)
rElec    .         Reflect  +   p - scarf {cloud immunity}
rCorr    .         Harm     .   R - +0 pair of gloves
MR       +....                  b - +2 pair of boots {Stlth+}
Stlth    ..........             E - +2 amulet of reflection
HPRegen  0.31/turn              o - ring of Liaso {rF+ rC+ Str+2}
MPRegen  0.17/turn              v - +5 ring of protection

@: lethally poisoned (-3 -> -3), sanguine armour, protection aura
A: claws 2, horns 1, clumsy 2, robust 1, spiny 1, rot immunity, no stealth,
sanguine armour 3
a: Renounce Religion


You were on level 6 of the Lair of Beasts.
You worshipped Ru.
Ru was noncommittal.
You were not hungry.

You visited 3 branches of the dungeon, and saw 22 of its levels.
You also visited: Sewer and Ice Cave.

You collected 2034 gold pieces.
You spent 922 gold pieces at shops.

Inventory:

Hand Weapons
 P - a +0 scimitar of flaming
 Q - a +9 great sword of protection (weapon)
 T - a +1 great sword of electrocution
 Z - a +2 antimagic great sword
Missiles
 j - 6 javelins (quivered)
 N - 2 silver tomahawks
Armour
 a - a +6 plate armour (worn)
 b - a +2 pair of boots of stealth (worn)
 d - a +3 leather armour of fire resistance
 p - a scarf of cloud immunity (worn)
 u - a +4 ring mail
 R - a +0 pair of gloves (worn)
 Y - a +2 plate armour of poison resistance
Jewellery
 o - the ring of Liaso (left hand) {rF+ rC+ Str+2}
   (You bought it in a shop on level 12 of the Dungeon)

   [ring of protection from cold]

   It affects your strength (+2).
   It protects you from fire.
   It protects you from cold.
 v - a +5 ring of protection (right hand)
 A - an uncursed ring of flight
 C - an uncursed ring of resist corrosion
 E - a +2 amulet of reflection (around neck)
 J - a +4 ring of evasion
 V - an uncursed ring of positive energy
 W - an uncursed ring of protection from cold
Wands
 f - a wand of polymorph (10)
 i - a wand of acid (11)
 s - a wand of flame (55)
 y - a wand of random effects (33)
 B - a wand of scattershot (9)
 L - a wand of clouds (5)
 S - a wand of paralysis (7)
 U - a wand of iceblast (11)
Scrolls
 e - 14 scrolls of teleportation
 g - 3 scrolls of blinking
 h - 3 scrolls of enchant armour
 m - 10 scrolls of identify
 x - 8 scrolls of remove curse
 G - a scroll of fog
Potions
 l - 5 potions of heal wounds
 n - 2 potions of magic
 q - 10 potions of flight
 w - 2 potions of agility
 z - 6 potions of resistance
 D - 2 potions of ambrosia
 F - 4 potions of brilliance
 H - a potion of berserk rage
 I - 6 potions of curing
 K - a potion of haste
 X - a potion of might
Miscellaneous
 M - a box of beasts
 O - a lamp of fire
Comestibles
 c - 43 rations
 t - 16 chunks of flesh


   Skills:
 + Level 11.1 Fighting
 * Level 15.8 Long Blades
 + Level 12.5 Armour
 - Level 10.0 Dodging
 - Level 7.0 Evocations


You had 14 spell levels left.
You didn't know any spells.
Your spell library was empty.

Dungeon Overview and Level Annotations

Branches:
Dungeon (15/15)            Temple (1/1) D:7            Lair (6/6) D:9
 Shoals (0/4) Lair:2        Snake (0/4) Lair:2          Orc (0/2) D:12
 Vaults (0/5) D:14         Depths (0/5) D:15
  Slime: Lair:5-6

Altars:
Ashenzari
Cheibriados
Dithmenos
Elyvilon
Fedhas
Gozag
Hepliaklqana
Kikubaaqudgha
Makhleb
Nemelex Xobeh
Okawaru
Qazlal
Ru
Sif Muna
Trog
Uskayaw
Vehumet
Wu Jian
Xom
Yredelemnul
Zin
The Shining One
Beogh

Shops:
D:5 ?   D:6 *   D:9 ?   D:12 =

Portals:
Trove: D:15 (give 5 potions of resistance)

Annotations:
D:5 2 transporters, Blork the orc; lenfi's ghost, novice NaMo
D:6 Menkaure
D:14 3 runed translucent doors, Gargoyl's ghost, journeyman CeAK
Lair:3 1 runed translucent door, Zlobey's ghost, journeyman GrFi


Innate Abilities, Weirdness & Mutations

You have very sharp fingernails.
You are partially covered in sharp spines.
You are immune to rotting.
You cannot be stealthy.
When seriously injured, your bleeding wounds create very thick armour. (AC +12)
You have a pair of small horns on your head.
You are very clumsy. (Dex -4)
You are robust. (+10% HP)


Message History

The tyrant leech draws strength from your injuries!
Things that are here:
+0 steam dragon scales; 3 chunks of flesh; a steam dragon skeleton You closely miss the tyrant leech.
Your headbutt misses the tyrant leech.
The tyrant leech is lightly wounded.
The tyrant leech misses you.
You closely miss the tyrant leech.
The tyrant leech is lightly wounded.
You miss the tyrant leech.
The tyrant leech is lightly wounded.
The tyrant leech is struck by your spines.
The tyrant leech bites you!
* * * LOW HITPOINT WARNING * * *
The tyrant leech draws strength from your injuries!
You slice the tyrant leech!!
Your weapon exudes an aura of protection.
You headbutt the tyrant leech, but do no damage.
The tyrant leech is heavily wounded.
You feel sick. The tyrant leech bites you!
You die...

.P......†..## .##
..%...†.(=.###...#
##......#.......#
###........##...#
###..#P..# ##
#...#...#
##P.#..#.#
#......w†#
.....####@# #....
#.†# ### ##.##
#...# ###.## ##..
.###.#.# #...
....#..## ....
.P#....## ##..#
#....##.#.###


You could see a tyrant leech.

Vanquished Creatures
  2 tengu reavers (D:13)
  A frost giant (IceCv)
  Nessos (D:12)
  A yaktaur captain (D:13)
  A rakshasa (D:14)
  3 vault guards (D:14)
  3 hydras
  An ice dragon (Lair:1)
  3 centaur warriors
  2 catoblepae
  Erica (D:8)
  5 two-headed ogres
  5 death yaks
  An ogre mage (D:14)
  A tengu warrior (D:10)
  A deep elf knight (D:14)
  An unseen horror (D:10)
  A deep troll (D:15)
  2 flayed ghosts
  Pikel (D:5)
  2 orc knights (D:14)
  10 ugly things
  A deep elf mage (D:13)
  3 manticores
  A wolf spider (D:15)
  2 cyclopes
  An ice statue (IceCv)
  5 black mambas
  4 centaur zombies
  A torpor snail (Lair:6)
  11 spiny frogs
  A gargoyle (D:10)
  2 rime drakes
  4 centaur skeletons
  A kobold demonologist (D:13)
  8 komodo dragons
  An efreet (D:15)
  21 polar bears
  4 trolls
  3 meliai (D:13)
  A harpy skeleton (D:15)
  6 hornets
  8 blink frogs
  Prince Ribbit (D:5)
  3 slime creatures
  A dream sheep (Lair:5)
  8 hippogriffs
  66 yaks
  5 wyverns
  4 hogs (D:8)
  A basilisk (Lair:3)
  8 vampire mosquitoes
  2 humans
  A steam dragon (Lair:6)
  An acid dragon (Lair:6)
  A naga (Lair:2)
  14 water moccasins
  5 porcupines
  9 orc warriors
  8 ice beasts
  A black bear (D:13)
  A necrophage (D:11)
  2 sky beasts
  A hornet zombie (D:11)
  2 phantoms
  4 boggarts (Lair:4)
  8 crocodiles
  22 wolves
  5 ogres
  7 centaurs
  A big kobold (D:11)
  17 bullfrogs
  A water moccasin skeleton (D:7)
  5 scorpions
  20 killer bees
  11 wights
  3 howler monkeys (D:12)
  5 crimson imps
  3 bullfrog zombies
  10 hounds
  A jelly (D:10)
  9 orc priests
  4 bullfrog skeletons
  14 orc wizards
  12 worker ants
  8 iguanas
  2 hell rats (Lair:5)
  A merfolk avatar (Sewer)
  A merfolk siren (Sewer)
  A hound zombie (D:11)
  A howler monkey zombie (D:4)
  Robin (D:4)
  A howler monkey skeleton (D:10)
  12 adders
  10 river rats
  6 shadow imps
  2 oozes (D:3)
  3 adder skeletons
  An adder zombie (D:10)
  6 worms
  4 dart slugs
  9 leopard geckos
  78 orcs
  8 bats
  4 giant cockroaches
  18 goblins
  10 hobgoblins
  5 jackals
  2 quokkas
  6 ball pythons
  9 frilled lizards
  19 kobolds
  33 rats
  A plant (Lair:5)
707 creatures vanquished.

Vanquished Creatures (collateral kills)
  A yaktaur captain (D:15)
  2 ogre magi (D:15)
  A two-headed ogre (D:15)
  A wizard (D:14)
  An elephant (D:9)
  A hippogriff (D:10)
  2 slime creatures (D:12)
  A yak (D:9)
  A wyvern (D:9)
  2 hungry ghosts
  A centaur (D:10)
  2 crocodiles (D:9)
  A bullfrog (D:10)
  2 orc priests
  An orc wizard (D:9)
  6 orcs
26 creatures vanquished.

Vanquished Creatures (others)
  5 dream sheep (D:14)
  2 yaks (IceCv)
  A slave (D:5)
  5 wolves (IceCv)
  An orc wizard (D:6)
  A ball python (D:5)
  3 fungi
  6 plants (Lair:6)
24 creatures vanquished.

Grand Total: 757 creatures vanquished

Notes
Turn   | Place    | Note
-------+----------+-------------------------------------------
     0 | D:1      | Kobolds4U the Demonspawn Berserker began the quest for the
                  | Orb.
     0 | D:1      | Reached XP level 1. HP: 18/18 MP: 1/1
   161 | D:1      | Reached skill level 3 in Long Blades
   486 | D:1      | Gained mutation: You are immune to rotting. [demonic
                  | ancestry]
   486 | D:1      | Reached XP level 2. HP: 23/24 MP: 2/2
   901 | D:1      | Gained mutation: You are partially covered in sharp spines.
                  | [demonic ancestry]
   901 | D:1      | Reached XP level 3. HP: 28/29 MP: 3/3
  1125 | D:2      | Reached ** piety under Trog
  1443 | D:2      | Reached skill level 4 in Long Blades
  1495 | D:2      | Reached XP level 4. HP: 35/35 MP: 4/4
  2419 | D:3      | Gained mutation: When seriously injured, your bleeding
                  | wounds create armour. (AC +12) [demonic ancestry]
  2419 | D:3      | Reached XP level 5. HP: 41/41 MP: 5/5
  2744 | D:3      | Found an opulent altar of Gozag.
  3186 | D:4      | Found a deep blue altar of Sif Muna.
  3235 | D:4      | Reached skill level 5 in Long Blades
  3697 | D:4      | Gained mutation: When seriously injured, your bleeding
                  | wounds create thick armour. (AC +12) [demonic ancestry]
  3697 | D:4      | Reached XP level 6. HP: 38/47 MP: 6/6
  3769 | D:4      | Noticed Robin
  3772 | D:4      | Reached *** piety under Trog
  3782 | D:4      | Killed Robin
  4072 | D:5      | Entered Level 5 of the Dungeon
  4089 | D:5      | Found a transporter.
  4103 | D:5      | Found a transporter.
  4104 | D:5      | Noticed lenfi's ghost (novice NaMo)
  4109 | D:5      | Noticed a hungry ghost
  4376 | D:5      | Found Kaositaf's Magic Scroll Emporium.
  4391 | D:5      | Bought 3 scrolls of identify for 72 gold pieces
  4391 | D:5      | Bought a scroll of teleportation for 36 gold pieces
  4391 | D:5      | Bought a scroll of enchant weapon for 90 gold pieces
  4391 | D:5      | Bought a scroll of remove curse for 36 gold pieces
  4577 | D:5      | Noticed Pikel
  4577 | D:5      | Noticed a slave
  4577 | D:5      | Noticed a slave
  4577 | D:5      | Noticed a slave
  4577 | D:5      | Noticed a slave
  4587 | D:5      | Killed Pikel
  4587 | D:5      | Reached skill level 7 in Long Blades
  4587 | D:5      | Gained mutation: You have sharp fingernails. [demonic
                  | ancestry]
  4587 | D:5      | Reached XP level 7. HP: 51/52 MP: 7/7
  4592 | D:5      | Reached skill level 5 in Armour
  4639 | D:5      | Reached XP level 8. HP: 58/58 MP: 8/8
  4659 | D:5      | Noticed Blork the orc
  4660 | D:5      | Noticed Prince Ribbit
  5001 | D:5      | Found a deep blue altar of Sif Muna.
  5146 | D:5      | Killed Prince Ribbit
  5403 | D:6      | Reached skill level 8 in Long Blades
  5492 | D:6      | Noticed Menkaure
  5770 | D:6      | Found a glowing drain.
  5782 | Sewer    | Entered a sewer
  5894 | Sewer    | Reached **** piety under Trog
  6584 | D:6      | Found Owozyn's General Store.
  6989 | D:6      | Reached skill level 5 in Fighting
  7282 | D:7      | Found a staircase to the Ecumenical Temple.
  7370 | D:7      | Reached XP level 9. HP: 63/68 MP: 7/9
  8589 | D:8      | Reached ***** piety under Trog
  8593 | D:8      | Noticed a two-headed ogre
  8609 | D:8      | Reached skill level 5 in Dodging
  8611 | D:8      | Killed a two-headed ogre
  8611 | D:8      | Gained mutation: When seriously injured, your bleeding
                  | wounds create very thick armour. (AC +12) [demonic
                  | ancestry]
  8611 | D:8      | Reached XP level 10. HP: 76/76 MP: 7/10
  9003 | D:8      | Noticed Erica
  9018 | D:8      | Killed Erica
  9394 | D:9      | Noticed an elephant
  9405 | D:9      | Reached skill level 10 in Armour
  9410 | D:9      | Killed an elephant
  9429 | D:9      | Found a staircase to the Lair.
  9662 | D:9      | Found Kien's Magic Scroll Boutique.
  9670 | D:9      | Bought a scroll of blinking for 127 gold pieces
  9703 | D:9      | Noticed a two-headed ogre
  9708 | D:9      | Killed a two-headed ogre
  9708 | D:9      | Reached XP level 11. HP: 71/81 MP: 9/11
  9758 | D:9      | Noticed a centaur warrior
  9758 | D:9      | Noticed a flayed ghost
  9770 | D:9      | Killed a centaur warrior
  9780 | D:9      | Killed a flayed ghost
  9870 | D:9      | Found a shadowy altar of Dithmenos.
  9870 | D:9      | Found a stormy altar of Qazlal.
 10107 | Temple   | Entered the Ecumenical Temple
 10387 | D:10     | Entered Level 10 of the Dungeon
 10753 | D:10     | Paralysed by a hornet for 2 turns
 10964 | D:10     | Noticed a centaur warrior
 10973 | D:10     | Killed a centaur warrior
 10996 | D:10     | Received a gift from Trog
 11253 | D:10     | Noticed a two-headed ogre
 11262 | D:10     | Killed a two-headed ogre
 11617 | D:10     | Reached skill level 10 in Dodging
 11645 | D:10     | Found a shattered altar of Ashenzari.
 11648 | D:10     | Noticed an unseen horror
 11650 | D:10     | Noticed a tengu warrior
 11663 | D:10     | Killed a tengu warrior
 11666 | D:10     | Killed an unseen horror
 11803 | D:10     | Reached skill level 9 in Long Blades
 12034 | D:10     | Noticed a two-headed ogre
 12041 | D:10     | Killed a two-headed ogre
 12041 | D:10     | Reached XP level 12. HP: 93/95 MP: 10/12
 12934 | D:11     | Reached skill level 10 in Fighting
 13059 | D:12     | Received a gift from Trog
 13069 | D:12     | Found a frozen archway.
 13080 | D:12     | Reached skill level 10 in Long Blades
 13102 | IceCv    | Entered an ice cave
 13625 | IceCv    | Reached skill level 11 in Long Blades
 13912 | IceCv    | Noticed a death yak
 13931 | IceCv    | Noticed a death yak
 13940 | IceCv    | Killed a death yak
 13949 | IceCv    | Killed a death yak
 13963 | IceCv    | Reached skill level 12 in Long Blades
 14130 | IceCv    | Noticed a frost giant
 14146 | IceCv    | Killed a frost giant
 14146 | IceCv    | Reached skill level 1 in Evocations
 14233 | IceCv    | Gained mutation: You have very sharp fingernails. [demonic
                  | ancestry]
 14233 | IceCv    | Reached XP level 13. HP: 86/103 MP: 14/14
 14320 | IceCv    | Got a twitching zirconium amulet
 14333 | IceCv    | Identified the amulet of Agaosk {RegenMP Str+6} (You found
                  | it in an ice cave)
 14626 | D:12     | Received a gift from Trog
 14656 | D:12     | Found a staircase to the Orcish Mines.
 14659 | D:12     | Found a roughly hewn altar of Beogh.
 14723 | D:12     | You fall through a shaft for 3 floors!
 14723 | D:15     | Entered Level 15 of the Dungeon
 14863 | D:13     | You fall through a shaft for 2 floors!
 14874 | D:15     | Paralysed by an ogre mage for 2 turns
 15171 | D:14     | Identified a scroll of acquirement
 15379 | D:12     | Found Okkichun's Jewellery Shop.
 15422 | D:12     | Reached skill level 13 in Long Blades
 15693 | D:12     | Noticed Nessos
 15710 | D:12     | Killed Nessos
 15863 | D:12     | Gained mutation: Your spells are a little easier to cast,
                  | but a little less powerful. [potion of mutation]
 15863 | D:12     | Gained mutation: You are weak. (Str -2) [potion of
                  | mutation]
 15863 | D:12     | Gained mutation: You are resistant to electric shocks.
                  | (rElec) [potion of mutation]
 16466 | D:13     | Received a gift from Trog
 16712 | D:13     | Noticed a tengu reaver
 16715 | D:13     | Noticed a tengu reaver
 16745 | D:13     | Killed a tengu reaver
 16745 | D:13     | Reached skill level 5 in Evocations
 16753 | D:13     | HP: 5/154 [tengu reaver/+1 long sword of protection (13)]
 17588 | D:13     | Found the +3 giant club "Skullcrusher" {speed, Str+7}
 17716 | D:13     | Killed a tengu reaver
 18047 | D:14     | Reached XP level 14. HP: 110/110 MP: 18/18
 18296 | D:14     | Lost mutation: You are weak. (Str -2) [potion of mutation]
 18296 | D:14     | Lost mutation: You are resistant to electric shocks.
                  | (rElec) [potion of mutation]
 18296 | D:14     | Lost mutation: Your spells are a little easier to cast, but
                  | a little less powerful. [potion of mutation]
 18296 | D:14     | Gained mutation: Your spells are a little easier to cast,
                  | but a little less powerful. [potion of mutation]
 18296 | D:14     | Gained mutation: You are weak. (Str -2) [potion of
                  | mutation]
 18296 | D:14     | Gained mutation: You are clumsy. (Dex -2) [potion of
                  | mutation]
 18296 | D:14     | Gained mutation: You are robust. (+10% HP) [potion of
                  | mutation]
 18675 | D:14     | Reached skill level 14 in Long Blades
 19081 | D:14     | Found a shimmering altar of Xom.
 19148 | D:14     | Found a runed translucent gate.
 19149 | D:14     | Found a runed translucent gate.
 19149 | D:14     | Found a runed translucent gate.
 19149 | D:14     | Noticed Gargoyl's ghost (journeyman CeAK)
 19950 | D:14     | Found a gate to the Vaults.
 20183 | D:15     | Found a portal to a secret trove of treasure.
 20248 | D:15     | Found a staircase to the Depths.
 21183 | Lair:1   | Entered Level 1 of the Lair of Beasts
 22153 | Lair:2   | Reached skill level 15 in Long Blades
 22197 | Lair:2   | Received a gift from Trog
 22457 | Lair:2   | Found a staircase to the Snake Pit.
 22734 | Lair:2   | Found a staircase to the Shoals.
 22975 | Lair:2   | Lost mutation: Your spells are a little easier to cast, but
                  | a little less powerful. [potion of mutation]
 22975 | Lair:2   | Lost mutation: You are weak. (Str -2) [potion of mutation]
 22975 | Lair:2   | Gained mutation: You are very clumsy. (Dex -4) [potion of
                  | mutation]
 22975 | Lair:2   | Gained mutation: You have a pair of small horns on your
                  | head. [potion of mutation]
 23463 | Lair:3   | Found a runed translucent door.
 23468 | Lair:3   | Noticed Zlobey's ghost (journeyman GrFi)
 24388 | Lair:5   | Reached XP level 15. HP: 128/128 MP: 20/20
 24893 | Temple   | Fell from the grace of Trog
 24893 | Temple   | Became a worshipper of Ru the Awakened
 25124 | D:12     | Bought the ring of Liaso {rF+ rC+ Str+2} for 561 gold
                  | pieces
 25913 | Lair:6   | Entered Level 6 of the Lair of Beasts
 26123 | Lair:6   | Gained mutation: You cannot be stealthy. [Ru sacrifice]
 26158 | Lair:6   | HP: 1/129 [acid (6)]
 26171 | Lair:6   | HP: 6/129 [tyrant leech (11)]
 26172 | Lair:6   | Slain by a tyrant leech

Skill      XL: |  1  2  3  4  5  6  7  8  9 10 11 12 13 14 15 |
---------------+----------------------------------------------+-----
Long Blades    | 3 4 5 7 8 9 12 13 15 | 15.8
Armour         | 2 3 4 5 6 9 10 11 12 | 12.5
Fighting       | 5 6 9 10 11 | 11.1
Dodging        | 5 8 10 | 10.0
Evocations     | 1 5 7 |  7.0

Action                   |  1- 3 |  4- 6 |  7- 9 | 10-12 | 13-15 || total
-------------------------+-------+-------+-------+-------+-------++-------
Melee: Falchion          |   115 |   181 |   326 |    57 |       ||   679
       Unarmed           |       |       |     6 |       |       ||     6
       Scimitar          |       |       |       |   334 |    39 ||   373
       Great sword       |       |       |       |   168 |   946 ||  1114
       Headbutt          |       |       |       |       |    64 ||    64
Invok: Trog's Hand       |       |     3 |     3 |     1 |    11 ||    18
       Berserk           |       |     2 |     3 |     1 |     3 ||     9
       Brothers in Arms  |       |       |       |     3 |     4 ||     7
       Sacrifice Stealth |       |       |       |       |     1 ||     1
  Use: Scroll            |       |     2 |       |    21 |    20 ||    43
       Potion            |       |       |       |       |    12 ||    12
 Stab: Sleeping          |       |     2 |       |       |       ||     2
       Petrified         |       |       |       |       |     3 ||     3
       Petrifying        |       |       |       |       |     1 ||     1
  Eat: Chunk             |     2 |    11 |    14 |    20 |    45 ||    92
       Ration            |       |       |     1 |     1 |     1 ||     3
Armor: Scale mail        |    40 |    20 |       |       |       ||    60
       Animal skin       |     2 |       |       |       |       ||     2
       Chain mail        |       |    21 |       |       |       ||    21
       Ring mail         |       |    48 |   155 |    87 |       ||   290
       Skin              |       |       |     5 |       |       ||     5
       Plate armour      |       |       |       |   289 |   853 ||  1142
Dodge: Dodged            |    67 |    74 |   229 |   490 |   581 ||  1441
Block: Other             |       |       |       |    38 |    75 ||   113
       Rpst.: Falchion   |    28 |    28 |    55 |    15 |       ||   126
       Scimitar          |       |       |       |    61 |     3 ||    64
       Great sword       |       |       |       |    51 |   152 ||   203
